 Dungeon Crawl Stone Soup version 0.31-a0-692-gf03d1854d5 (webtiles) character file.

Game seed: 18164633923831845027

93 qw the Shooter (level 4, -4/28 HPs)
             Began as a Gargoyle Hunter on Sept 6, 2023.
             Slain by an orc
             ... wielding a +0 whip
              (5 damage)
             ... on level 3 of the Dungeon.
             The game lasted 00:00:42 (1941 turns).

qw the Shooter (Gargoyle Hunter)                    Turns: 1941, Time: 00:00:43

Health: -4/28      AC:  7    Str: 14    XL:     4   Next: 61%
Magic:  4/4        EV: 11    Int: 10    God:
Gold:   131        SH:  0    Dex: 15    Spells: 3/3 levels left

rFire   . . .        Y - +1 shortbow (flame)
rCold   . . .        (shield currently unavailable)
rNeg    + . .        c - +0 leather armour
rPois   inf          (no helmet)
rElec   +            b - +0 cloak
rCorr   .            (no gloves)
SInv    .            (no boots)
Will    .....        (no amulet)
Stlth   ++           (no ring)
HPRegen 0.24/turn    (no ring)
MPRegen 0.09/turn

%: no passive effects
@: about to teleport
A: sickness immunity, AC +3, negative energy resistance 1, electricity
resistance, torment resistance 1, petrification resistance
a: no special abilities


You were on level 3 of the Dungeon.
You visited 1 branch of the dungeon, and saw 3 of its levels.

You collected 131 gold pieces.


Innate Abilities, Weirdness & Mutations

You are immune to sickness and miasma.
Your stone body is resilient. (AC +3)
You are immune to poison.
You resist negative energy. (rN+)
You are resistant to electric shocks. (rElec)
You are resistant to unholy torment.
You are immune to petrification.


   Skills:
 - Level 3.0 Fighting
 + Level 5.5 Ranged Weapons
 - Level 1.5 Dodging
 - Level 1.1 Stealth


You had 3 spell levels left.
You didn't know any spells.
Your spell library was empty.

Inventory:

Hand Weapons
 Y - a +1 shortbow of flaming (weapon)
Armour
 b - a +0 cloak (worn)
 c - a +0 leather armour (worn)
 j - a +3 leather armour
Scrolls
 d - 2 scrolls of identify
 e - a scroll of fog {unknown}
Potions
 a - a potion of resistance {unknown}
 f - a potion of curing
 g - a potion of mutation {unknown}
 i - a potion of lignification {unknown}

Dungeon Overview and Level Annotations

Branches:
Dungeon (3/15)

Altars:


Message History

The giant cockroach bites you but does no damage.
The orc closely misses you. The orc misses you.
You shoot an arrow.
The arrow closely misses the giant cockroach.
You hear a shout!
The adder closely misses you. The giant cockroach closely misses you.
The adder barely misses you. The orc barely misses you.
The orc closely misses you.
Enter note:
Enter note:
Enter note: You shoot an arrow.
The arrow barely misses the giant cockroach.
The giant cockroach barely misses you. The adder barely misses you.
The orc hits you from afar with a +0 trident.
The orc barely misses you.
The orc hits you from afar with a +0 trident!
1938 ||| READING scroll of teleportation.
As you read the scroll of teleportation, it crumbles to dust.
You feel strangely unstable.
The giant cockroach bites you but does no damage.
The adder bites you but does no damage. The orc hits you but does no damage. x3
The giant cockroach bites you. The adder barely misses you.
You shoot an arrow.
The arrow barely misses the giant cockroach.
The giant cockroach barely misses you. The adder misses you.
The orc misses you. x2
The orc barely misses you.
You shoot an arrow.
The arrow hits the giant cockroach but does no damage.
The giant cockroach is severely wounded.
The adder barely misses you.
The giant cockroach bites you but does no damage.
The orc hits you but does no damage. The orc misses you.
The orc hits you but does no damage.
You shoot an arrow.
The arrow completely misses the giant cockroach.
The adder bites you but does no damage. The giant cockroach barely misses you.
The orc hits you from afar with a +0 trident.
The orc hits you with a +0 whip.
You die...

........######...#
......#.# 8...8
###8#.### ## #...# ##
#####.#8###8##...##8###8
##.##...............)...
+.(............}...?...o
##.##...........oo.[..o.
#.####8###8##.BS# #.# ##
##.o@## #.# #8.o.8# #.#
##...## #.# #...# #.#
##...## ##.# #8...8#
...# ##...## ...#
###....#
...########...####


You could see an adder, 4 orcs and a giant cockroach.

Vanquished Creatures
  3 adders (D:2)
  3 dart slugs (D:1)
  7 orcs (D:3)
  4 bats
  5 endoplasms
  2 giant cockroaches
  3 goblins
  6 hobgoblins
  3 kobolds
  2 quokkas
  4 ball pythons
  3 frilled lizards
  3 rats
48 creatures vanquished.

Notes
Turn   | Place    | Note
-------+----------+-------------------------------------------
     0 | D:1      | qw the Gargoyle Hunter began the quest for the Orb.
     0 | D:1      | Reached XP level 1. HP: 12/12 MP: 1/1
     0 | D:1      | 0 ||| qw: Version: 0.3-a-76-g4403597
     0 | D:1      | 0 ||| qw: Game counter: 301
     0 | D:1      | 0 ||| qw: Melee chars always use a shield: true
     0 | D:1      | 0 ||| qw: God list: Okawaru
     0 | D:1      | 0 ||| qw: Allow faded altars: false
     0 | D:1      | 0 ||| qw: Do Orc after clearing Dungeon:15 true
     0 | D:1      | 0 ||| qw: Do second Lair branch before Depths: true
     0 | D:1      | 0 ||| qw: Lair rune preference: random
     0 | D:1      | 0 ||| qw: Goals: Normal
     0 | D:1      | 0 ||| PLANNING D:1-11
    84 | D:1      | You fall into a shaft and drop 1 floor!
   103 | D:2      | Reached XP level 2. HP: 11/17 MP: 2/2
   173 | D:2      | HP: 2/17 [adder (3)]
   261 | D:2      | 261 ||| READING scroll labelled SEMPAOG JAQAPN.
   262 | D:2      | 262 ||| READING scroll labelled RAMEPA ULIGH.
   263 | D:2      | 263 ||| DROPPING scroll of butterflies.
   266 | D:2      | 266 ||| FLEEEEING.
   267 | D:2      | 267 ||| FLEEEEING.
   269 | D:2      | 269 ||| STAIRDANCE
   273 | D:1      | Reached XP level 3. HP: 21/21 MP: 3/3
   310 | D:1      | Reached skill level 5 in Ranged Weapons
   588 | D:1      | Found a faded altar of an unknown god.
   717 | D:1      | 717 ||| READING scroll of brand weapon.
   717 | D:1      | 717 ||| BRANDING +0 shortbow of freezing.
   837 | D:1      | 837 ||| UPGRADING to +0 cloak.
   842 | D:1      | 842 ||| READING scroll labelled XATOTE VIREUFF.
   845 | D:1      | 845 ||| READING 2 scrolls labelled YMOEFO HURCH.
   846 | D:1      | 846 ||| READING scroll labelled TUOCZU VETAR.
   847 | D:1      | 847 ||| READING scroll labelled SEPYL SEOTUJYRPH.
   948 | D:1      | 948 ||| READING scroll labelled HAISCH PUIDA.
   993 | D:2      | Reached skill level 3 in Fighting
  1017 | D:2      | Reached XP level 4. HP: 28/28 MP: 4/4
  1486 | D:2      | 1486 ||| READING scroll labelled FOLIFI MUANGIH.
  1487 | D:2      | 1487 ||| READING scroll labelled SECUARRIUBO.
  1488 | D:2      | 1488 ||| READING scroll labelled ADDAYH GESAH.
  1489 | D:2      | 1489 ||| READING 2 scrolls of identify.
  1489 | D:2      | 1489 ||| IDENTIFYING emerald potion
  1925 | D:3      | 1925 ||| Stepping ~*~*~tactically~*~*~ (outnumbered).
  1927 | D:3      | 1927 ||| Stepping ~*~*~tactically~*~*~ (outnumbered).
  1937 | D:3      | HP: 2/28 [orc/+0 trident (7)]
  1938 | D:3      | 1938 ||| READING scroll of teleportation.
  1941 | D:3      | Slain by an orc

Levels and vault maps discovered:
D:1:      giann_horns, layout_loops_ring, dilly_ecumenical_altar_fadedgnrine,
          serial_bayou_pond_e, minmay_misc_feat_hallway
D:2:      layout_loops_cross
D:3:      layout_basic, serial_corexii_hall, chequers_hall_statues_y,
          corexii_hall_statues_x, corexii_hall_statues_x,
          chequers_hall_statues_wall_a, kennysheep_generic_room_11

Skill      XL: |  1  2  3 |
---------------+----------+-----
Ranged Weapons | 5 |  5.5
Fighting       | 3 |  3.0
Dodging        | |  1.5
Stealth        | |  1.1

Action                     |  1- 3 |  4- 6 || total
---------------------------+-------+-------++-------
   Fire: Shortbow          |    79 |    70 ||   149
    Use: Scroll            |     8 |     5 ||    13
 Armour: Leather armour    |    31 |    43 ||    74
  Dodge: Dodged            |    25 |    47 ||    72

Table legend:
 A = Non-vault XP
 B = Vault XP
 C = Vault XP percentage of total XP
 D = Non-vault monster count
 E = Vault monster count
 F = Vault count percentage of total count
                 A         B        C        D         E       F
            +---------+---------+-------+---------+---------+-------
      Total |     133 |       0 |   0.0 |      48 |       0 |   0.0
            +---------+---------+-------+---------+---------+-------
        D:1 |      38 |       0 |   0.0 |      18 |       0 |   0.0
        D:2 |      62 |       0 |   0.0 |      16 |       0 |   0.0
        D:3 |      33 |       0 |   0.0 |      14 |       0 |   0.0
            +---------+---------+-------+---------+---------+-------
